 Dungeon Crawl Stone Soup version 0.27.1-34-g3ba077fa99 (webtiles) character file.

Game seed: 6345296591114798944

585 Coolblue908 the Covered (level 7, -1/44 HPs)
             Began as a Gargoyle Fighter on Jan 20, 2022.
             Was a Follower of Okawaru.
             Slain by a troll (9 damage)
             ... on level 5 of the Dungeon.
             The game lasted 00:27:56 (5969 turns).

Coolblue908 the Covered (Gargoyle Fighter)          Turns: 5969, Time: 00:27:57

Health: -1/44      AC: 14    Str: 21    XL:     7   Next: 37%
Magic:  7/7        EV: 12    Int:  9    God:    Okawaru [*.....]
Gold:   186        SH:  9    Dex:  9    Spells: 6/6 levels left

rFire    + . .     SeeInvis .   p - +4 hand axe
rCold    . . .     Faith    .   c - +0 kite shield
rNeg     + . .     Spirit   .   b - +0 scale mail
rPois    ∞         Reflect  .   (no helmet)
rElec    +         Harm     .   (no cloak)
rCorr    .         Rampage  .   q - +0 pair of gloves
Will     .....                  s - +0 pair of boots
Stlth    ..........             (no amulet)
HPRegen  0.14/turn              r - +4 ring of evasion
MPRegen  0.10/turn              n - ring of protection from fire

@: no status effects
A: sickness immunity, AC +4, negative energy resistance 1, electricity
resistance, torment resistance 1, petrification resistance
a: Renounce Religion, Heroism


You were on level 5 of the Dungeon.
You worshipped Okawaru.
Okawaru was aware of your devotion.
You visited 1 branch of the dungeon, and saw 5 of its levels.

You collected 186 gold pieces.

Inventory:

Hand Weapons
 a - a +0 flail
 g - a +0 long sword
 p - a +4 hand axe (weapon)
Missiles
 i - 32 poisoned darts (quivered)
Armour
 b - a +0 scale mail (worn)
 c - a +0 kite shield (worn)
 q - a +0 pair of gloves (worn)
 s - a +0 pair of boots (worn)
Jewellery
 m - a ring of positive energy
 n - a ring of protection from fire (right hand)
 r - a +4 ring of evasion (left hand)
Wands
 l - a wand of iceblast (11)
Scrolls
 e - a scroll of magic mapping {unknown}
 f - a scroll of fear {unknown}
 h - a scroll of amnesia {unknown}
 j - 2 scrolls of noise {unknown}
 k - 2 scrolls of teleportation
 u - a scroll of blinking {unknown}
Potions
 d - 3 potions of might
 o - a potion of brilliance {unknown}
 t - a potion of heal wounds {unknown}


   Skills:
 * Level 4.5 Fighting
 * Level 3.0(3.9) Axes
 + Level 4.0(4.6) Maces & Flails
 + Level 4.9 Armour
 + Level 1.5 Dodging
 - Level 0.1 Stealth
 + Level 4.4 Shields


You had 6 spell levels left.
You didn't know any spells.
Your spell library contained the following spells:

 Spells                   Type           Power      Damage    Failure   Level
 Airstrike                Air            0%         N/A       100%        4
 Summon Lightning Spire   Summ/Air       0%         N/A       100%        4
 Lightning Bolt           Conj/Air       0%         1d11      100%        5


Dungeon Overview and Level Annotations

Branches:
Dungeon (5/15)
 Temple: D:4-7

Altars:
Kikubaaqudgha
Okawaru

Shops:
D:4 *


Innate Abilities, Weirdness & Mutations

You are immune to sickness and miasma.
Your stone body is resilient. (AC +4)
You are immune to poison.
You resist negative energy. (rN+)
You are resistant to electric shocks. (rElec)
You are resistant to unholy torment.
You are immune to petrification.


Message History

You throw a poisoned dart.
The poisoned dart closely misses the troll.
You see here a scorpion corpse.
Throw: 33 darts (poison)
Press: ? - help, Q - select action, (/) - cycle Shift-Dir - straight line, f/p - troll
Aim: a troll (56% to hit)
You throw a poisoned dart. The poisoned dart hits the troll.
The troll is poisoned.
You block the troll's attack. The troll claws you!
The troll claws you but does no damage.
You slash the troll!
The troll is moderately wounded.
You block the troll's attack. The troll closely misses you.
You block the troll's attack.
You hit the troll.
The troll is moderately wounded.
The troll closely misses you. The troll claws you!
You block the troll's attack.
You closely miss the troll.
The troll is moderately wounded.
You block the troll's attack. x2; The troll claws you but does no damage.
The troll closely misses you. The troll claws you. The troll barely misses you.
You closely miss the troll.
The troll is moderately wounded.
The troll bites you. The troll barely misses you. You block the troll's attack.
You closely miss the troll.
The troll is moderately wounded.
The troll looks more healthy.
The troll bites you but does no damage. You block the troll's attack.
The troll claws you but does no damage.
You slash the troll!
The troll is heavily wounded.
The troll bites you.
* * * LOW HITPOINT WARNING * * *
The troll claws you!
* * * LOW HITPOINT WARNING * * *
You block the troll's attack. The troll closely misses you.
The troll misses you. You block the troll's attack.
There is a stone staircase leading up here.
The troll bites you!
You die...

...#.....# .....
#..#.....######.....
#..#................ .
#..#................ .##
#...#............... ..#
#...###............. ..## #...#
##............
...###########...######..........
#..#...........T@....####........
#.............####........####...
#.............# ####....## ..
..............## ###..# .
.##............# ###...###
###............# #.......#
#...........## ###...##...#
#...........# ##.....# #...#
##..........###......# ##....


You could see a troll.

Vanquished Creatures
  A water moccasin (D:5)
  An ogre (D:5)
  A scorpion (D:5)
  A howler monkey (D:4)
  2 hounds
  Jessica (D:2)
  An iguana (D:5)
  Terence (D:2)
  7 adders
  A shadow imp (D:5)
  2 adder skeletons (D:4)
  2 worms
  3 dart slugs
  2 orcs (D:3)
  8 endoplasms
  5 giant cockroaches
  10 goblins
  8 hobgoblins
  2 jackals (D:2)
  3 quokkas
  8 ball pythons
  2 bats
  3 frilled lizards
  7 kobolds
  8 rats
90 creatures vanquished.

Notes
Turn   | Place    | Note
-------+----------+-------------------------------------------
     0 | D:1      | Coolblue908 the Gargoyle Fighter began the quest for the
                  | Orb.
     0 | D:1      | Reached XP level 1. HP: 14/14 MP: 1/1
   254 | D:1      | Reached XP level 2. HP: 19/19 MP: 2/2
   972 | D:1      | Reached XP level 3. HP: 20/23 MP: 3/3
  1828 | D:2      | Noticed Terence
  1836 | D:2      | Reached XP level 4. HP: 14/29 MP: 4/4
  1845 | D:2      | Killed Terence
  2862 | D:2      | Noticed Jessica
  2864 | D:2      | Killed Jessica
  2865 | D:2      | Reached XP level 5. HP: 33/33 MP: 5/5
  2989 | D:3      | Found an iron altar of Okawaru.
  3149 | D:3      | Found an ancient bone altar of Kikubaaqudgha.
  3620 | D:3      | Reached skill level 1 in Dodging
  4099 | D:3      | Became a worshipper of Warmaster Okawaru
  4535 | D:4      | Reached XP level 6. HP: 32/38 MP: 6/6
  4891 | D:4      | Found Cihoosac's Assorted Antiques.
  5283 | D:5      | Entered Level 5 of the Dungeon
  5294 | D:5      | Reached skill level 1 in Axes
  5461 | D:5      | Reached XP level 7. HP: 15/44 MP: 7/7
  5809 | D:5      | Reached * piety under Okawaru
  5930 | D:5      | Noticed a troll
  5969 | D:5      | Slain by a troll

Illustrated notes

Levels and vault maps discovered:
D:1:      minmay_arrival_jagged, layout_basic, minmay_tree_intersection
D:2:      layout_basic, minmay_split_cup_small, uniq_jessica, uniq_terence
D:3:      minmay_evil_eye, layout_basic, lemuel_tele_altar,
          mainiacjoe_overflow_alcove_2
D:4:      layout_gridville, serial_shops, kennysheep_mini
D:5:      layout_cave_pods, general_overflow_altar, minmay_temple_entry_slanted,
          minmay_manual_monolith

Skill      XL: |  1  2  3  4  5  6  7 |
---------------+----------------------+-----
Maces & Flails | 3 4 |  4.0
Armour         | 4 |  4.9
Dodging        | 1 |  1.5
Shields        | 4 |  4.4
Fighting       | 4 |  4.5
Axes           | 2 3 |  3.0
Stealth        | |  0.1

Action                   |  1- 3 |  4- 6 |  7- 9 || total
-------------------------+-------+-------+-------++-------
Melee: Flail             |   125 |   147 |       ||   272
       Hand axe          |       |    69 |    29 ||    98
Throw: Dart              |       |       |     2 ||     2
  Use: Scroll            |       |     4 |       ||     4
Armor: Scale mail        |    67 |   134 |    13 ||   214
Dodge: Dodged            |    31 |    80 |    20 ||   131
Block: Kite shield       |    66 |   114 |    22 ||   202
